 Dungeon Crawl Stone Soup version 0.28.0-43-g3370ac3207 (webtiles) character file.

Game seed: 14061437105044843889

2347 CryoSword the Chiller (level 9, -1/63 (73) HPs)
             Began as a Demigod Ice Elementalist on Mar 11, 2022.
             Slain by a wight
             ... wielding a +0 morningstar
              (9 damage)
             ... on level 7 of the Dungeon.
             The game lasted 00:21:33 (9242 turns).

CryoSword the Chiller (Demigod Ice Elementalist)    Turns: 9242, Time: 00:21:34

HP:   -1/63 (73)    AC:  6    Str: 17    XL:     9   Next: 0%
MP:   20/25         EV: 13    Int: 27    God:
Gold: 105           SH:  0    Dex: 14    Spells: 3/14 levels left

rFire   . . .      SeeInvis .   l - +3 quarterstaff (chaos)
rCold   . . .      Faith    .   (shield currently unavailable)
rNeg    . . .      Spirit   .   f - +2 robe {Will+}
rPois   .          Reflect  .   (no helmet)
rElec   .          Harm     .   m - +1 cloak
rCorr   .          Rampage  .   (no gloves)
Will    +....                   (no boots)
Stlth   +++.......              (no amulet)
HPRegen 0.20/turn               b - +6 ring of intelligence
MPRegen 0.19/turn               p - ring of magical power

@: hasted, heavily drained, very quick
A: high MP 1, forlorn, divine attributes
a: no special abilities


You were on level 7 of the Dungeon.
You visited 1 branch of the dungeon, and saw 7 of its levels.

You collected 245 gold pieces.
You spent 140 gold pieces at shops.

Inventory:

Hand Weapons
 l - a +3 quarterstaff of chaos (weapon)
   (You took it off Crazy Yiuf on level 3 of the Dungeon)
Missiles
 r - 22 poisoned darts (quivered)
 s - a throwing net
Armour
 f - a +2 robe of willpower (worn)
   (You took it off Sigmund on level 3 of the Dungeon)
 m - a +1 cloak (worn)
   (You took it off Crazy Yiuf on level 3 of the Dungeon)
Jewellery
 b - a +6 ring of intelligence (left hand)
   (You found it on level 1 of the Dungeon)
 j - a ring of see invisible
   (You found it on level 3 of the Dungeon)
 p - a ring of magical power (right hand)
   (You found it on level 4 of the Dungeon)
 q - a ring of flight
   (You found it on level 5 of the Dungeon)
Wands
 A - a wand of acid (8)
   (You found it on level 6 of the Dungeon)
Scrolls
 a - 2 scrolls of enchant armour
 e - 5 scrolls of teleportation {@r4}
 g - 2 scrolls of identify {@r1}
 h - a scroll of enchant weapon {unknown}
 i - 2 scrolls of amnesia {unknown}
 k - a scroll of acquirement {unknown}
 t - 3 scrolls of fog {unknown}
 w - a scroll of noise {unknown}
 y - a scroll of blinking
Potions
 d - a potion of lignification {!q}
 n - a potion of magic
 o - 2 potions of resistance
 z - a potion of brilliance


   Skills:
 + Level 4.8 Fighting
 + Level 3.8 Staves
 - Level 4.0 Dodging
 - Level 4.1 Stealth
 - Level 3.0 Spellcasting
 + Level 3.3 Conjurations
 + Level 7.3 Ice Magic


You had 3 spell levels left.
You knew the following spells:

 Your Spells              Type           Power      Damage    Failure   Level
a - Freeze                Ice            100%       1d11      1%          1
b - Frozen Ramparts       Ice            86%        1d10      1%          3
c - Ozocubu's Armour      Ice            43%        N/A       1%          3
d - Hailstorm             Conj/Ice       32%        3d8       10%         4

Your spell library contained the following spells:

 Spells                   Type           Power      Damage    Failure   Level
 Sandblast                Erth           8%         2d5       9%          1
 Passwall                 Tmut/Erth      3%         N/A       13%         2
 Stone Arrow              Conj/Erth      26%        3d8       13%         3


Dungeon Overview and Level Annotations

Branches:
Dungeon (7/15)             Temple (0/1) D:7

Shops:
D:4 (   D:5 *


Innate Abilities, Weirdness & Mutations

You have an increased reservoir of magic. (+10% MP)
You shall have no god before yourself.
Your divine heritage dramatically boosts your attributes as you level up.


Message History

Aim: an ice beast (heavily wounded, confused)
You freeze the ice beast but do no damage.
The ice beast completely resists.
Aim: an ice beast (heavily wounded, confused)
You freeze the ice beast but do no damage.
The ice beast completely resists.
You barely miss the ice beast. The ice beast hits you.
The ice beast freezes you!
You are too injured to fight recklessly!
You are too injured to fight recklessly!
You catch the helpless ice beast completely off-guard!
You sock the ice beast! A film of ice covers your body!
The ice beast closely misses you.
You barely miss the ice beast.
The ice beast hits you but does no damage.
You hit the ice beast.
You melt the ice beast.
You barely miss the ice beast. The ice beast hits you.
The ice beast freezes you!
* * * LOW HITPOINT WARNING * * *
You catch the helpless ice beast completely off-guard!
You sock the ice beast!
You kill the ice beast!
Search for what [Enter for "weapon", or ? for help]? armor Your icy armour starts to melt.
Your icy armour evaporates.
Found a stone staircase leading down.
Could not explore, unopened door.
You open the door.
There is an open door here.
An ogre comes into view. It is wielding a +0 giant spiked club.
The ogre shouts!
An ogre is nearby!
An ogre is nearby!
The ogre hits you with a +0 giant spiked club!!
The walls around you are covered in ice.
The wall freezes the ogre!
The ogre hits you with a +0 giant spiked club!!
* * * LOW HITPOINT WARNING * * *
A film of ice covers your body!
The wall freezes the ogre.
The ogre closely misses you.
Aim: an ogre, wielding a +0 giant spiked club (moderately wounded)
You freeze the ogre.
Aim: an ogre, wielding a +0 giant spiked club (heavily wounded)
You freeze the ogre.
The wall freezes the ogre.
The ogre completely misses you.
Aim: an ogre, wielding a +0 giant spiked club (almost dead)
You freeze the ogre!
You kill the ogre!
The frozen ramparts melt away.
Your icy armour starts to melt.
Your icy armour evaporates.
Found a scroll of teleportation.
Things that are here:
a +0 giant spiked club; an ogre corpse
Found a war axe.
You see here a +0 war axe.
e - 5 scrolls of teleportation {@r4} (gained 1)
A shadow imp and a wight come into view.
The wight is wielding a +0 mace and wearing a +2 robe of fire resistance.
There are monsters nearby!
Search for what [Enter for "armor", or ? for help]? weapon The wight closely misses you.
You hit the wight but do no damage.
The wight suddenly seems more agile.
You barely miss the wight. The wight misses you. The wight closely misses you.
A film of ice covers your body! The wight closely misses you.
The walls around you are covered in ice.
The wight resists.
The wall freezes the wight.
The wight barely misses you.
The wight resists.
The wall freezes the wight.
You hit the wight but do no damage.
The wight resists.
The wall freezes the wight.
The wight barely misses you.
The wight resists.
The wall freezes the wight.
The wight completely resists.
The wall freezes the wight but does no damage.
You barely miss the wight.
The wight resists.
The wall freezes the wight.
The wight resists.
The wall freezes the wight.
You hit the wight but do no damage.
The wight resists.
The wall freezes the wight.
The wight hits you but does no damage.
The wight resists.
The wall freezes the wight.
The wight resists.
The wall freezes the wight.
The wight completely misses you.
You closely miss the wight.
The wight completely resists.
The wall freezes the wight but does no damage.
The wight resists.
The wall freezes the wight.
The wight resists.
The wall freezes the wight.
The wight hits you with a +3 falchion.
You feel drained.
You hit the wight. You burn the wight.
The wight resists.
The wall freezes the wight.
The wight resists.
The wall freezes the wight.
The wight completely misses you.
The wight completely resists.
The wall freezes the wight but does no damage.
You closely miss the wight.
The wight completely resists.
The wall freezes the wight but does no damage.
The wight resists.
The wall freezes the wight.
The wight hits you with a +3 falchion.
The wight completely resists.
The wall freezes the wight but does no damage.
You hit the wight.
The wight resists.
The wall freezes the wight.
The wight hits you with a +3 falchion.
You feel drained.
The wight resists.
The wall freezes the wight.
You hit the wight but do no damage.
The wight resists.
The wall freezes the wight.
The wight hits you from afar with a +5 halberd.
The wight resists.
The wall freezes the wight.
The wight barely misses you.
The wight completely resists.
The wall freezes the wight but does no damage.
You hit the wight.
The wight suddenly seems more agile.
The wight resists.
The wall freezes the wight.
The wight hits you from afar with a +5 halberd!
You feel drained.
The wight completely resists.
The wall freezes the wight but does no damage.
The wight closely misses you.
The wight resists.
The wall freezes the wight.
You barely miss the wight.
The wight completely resists.
The wall freezes the wight but does no damage.
The wight hits you but does no damage.
The wight resists.
The wall freezes the wight.
The wight barely misses you.
The wight completely resists.
The wall freezes the wight but does no damage.
The wight completely resists.
The wall freezes the wight but does no damage.
The wight barely misses you.
You closely miss the wight.
The frozen ramparts melt away.
The wight barely misses you. The wight completely misses you.
You hit the wight.
You destroy the wight!
The wight hits you but does no damage.
You have reached level 9!
Your experience leads to a dramatic increase in your attributes!
Your base attributes are Str 13, Int 21, Dex 14.
Increase (S)trength, (I)ntelligence, or (D)exterity?
You feel stronger. x4
The walls around you are covered in ice.
The wight resists.
The wall freezes the wight.
The wight hits you but does no damage.
The wight resists.
The wall freezes the wight.
The wight closely misses you.
You hit the wight.
The wight resists.
The wall freezes the wight.
The wight hits you with a +0 morningstar.
* * * LOW HITPOINT WARNING * * *
You feel drained.
The wight resists.
The wall freezes the wight.
The wight hits you from afar with a +5 halberd.
* * * LOW HITPOINT WARNING * * *
You feel drained.
* * * LOW HITPOINT WARNING * * *
Your icy armour and frozen ramparts will break if you move.
Continue?
Your icy armour cracks and falls away as you move.
The frozen ramparts melt away as you move.
The wight hits you with a +0 morningstar!
* * * LOW HITPOINT WARNING * * *
You feel drained.
* * * LOW HITPOINT WARNING * * *
You feel yourself speed up. The wight barely misses you.
The wight hits you with a +0 morningstar!
You die...

#<# #.#..
# ###
#.####
##### #.#
....######
#.#
....'....#
#.#
....####.#
#z# ....#
#)# #z#
....#
#.### #z#
....#
#..)# #@#
....#
###.# #.#
....# #.#
#.# ....#
#.# #.#
....# #.#
#.# ....#
#.#####.#
#.......#
#########


You could see 3 wights.

Vanquished Creatures
  Grinder (D:3)
  Sigmund (D:3)
  A water moccasin (D:5)
  An ice beast (D:7)
  2 sky beasts
  A necrophage (D:7)
  3 ogres
  2 kobold brigands
  2 bullfrogs (D:7)
  A scorpion (D:6)
  A water moccasin skeleton (D:6)
  5 killer bees (D:6)
  A wight (D:7)
  A bullfrog zombie (D:5)
  3 orc priests
  Crazy Yiuf (D:3)
  A hound (D:6)
  2 jellies
  Jessica (D:3)
  A bullfrog skeleton (D:6)
  An iguana (D:6)
  An orc wizard (D:6)
  2 howler monkey zombies
  7 gnolls
  6 adders
  A shadow imp (D:6)
  2 ufetubi (D:7)
  5 worms
  2 dart slugs
  19 orcs
  5 endoplasms
  A giant cockroach (D:1)
  6 goblins
  6 hobgoblins
  4 jackals (D:2)
  16 kobolds
  4 quokkas
  2 ball pythons
  5 bats
  A frilled lizard (D:1)
  6 rats
134 creatures vanquished.

Vanquished Creatures (others)
  A shadow imp (D:6)
1 creature vanquished.

Grand Total: 135 creatures vanquished

Notes
Turn   | Place    | Note
-------+----------+-------------------------------------------
     0 | D:1      | CryoSword the Demigod Ice Elementalist began the quest for
                  | the Orb.
     0 | D:1      | Reached XP level 1. HP: 14/14 MP: 5/5
   370 | D:1      | Reached XP level 2. HP: 22/22 MP: 4/7
  1506 | D:2      | Reached skill level 4 in Ice Magic
  1818 | D:2      | Reached XP level 3. HP: 27/27 MP: 4/8
  1822 | D:2      | Learned a level 3 spell: Frozen Ramparts
  1984 | D:2      | Reached skill level 1 in Fighting
  2689 | D:2      | Reached XP level 4. HP: 30/35 MP: 7/9
  3260 | D:3      | Noticed Grinder
  3283 | D:3      | Noticed Sigmund
  3290 | D:3      | Killed Sigmund
  3291 | D:3      | Reached skill level 5 in Ice Magic
  3291 | D:3      | Reached XP level 5. HP: 29/41 MP: 2/10
  3501 | D:3      | Learned a level 3 spell: Ozocubu's Armour
  3582 | D:3      | Found a runed translucent door.
  3583 | D:3      | Noticed Crazy Yiuf
  3817 | D:3      | Noticed Jessica
  3821 | D:3      | Killed Jessica
  3822 | D:3      | Reached XP level 6. HP: 47/48 MP: 8/11
  4024 | D:3      | Paralysed by Grinder for 4 turns
  4030 | D:3      | Paralysed by Grinder for 3 turns
  4039 | D:3      | Killed Grinder
  4378 | D:3      | Killed Crazy Yiuf
  4784 | D:4      | Reached XP level 7. HP: 52/56 MP: 7/13
  4990 | D:4      | You fall into a shaft and drop 3 floors!
  5205 | D:5      | Entered Level 5 of the Dungeon
  5214 | D:5      | Reached skill level 1 in Staves
  5304 | D:5      | Reached skill level 6 in Ice Magic
  5761 | D:4      | Found Kyra's Weapon Boutique.
  6486 | D:4      | Learned a level 4 spell: Hailstorm
  6604 | D:5      | Found Ubloakh's General Store.
  6610 | D:5      | Bought a potion of haste for 140 gold pieces
  7046 | D:5      | Reached XP level 8. HP: 33/63 MP: 15/15
  7365 | D:5      | Reached skill level 1 in Conjurations
  8080 | D:6      | Reached skill level 7 in Ice Magic
  8537 | D:7      | Found a staircase to the Ecumenical Temple.
  9231 | D:7      | Reached XP level 9. HP: 36/70 MP: 16/16
  9242 | D:7      | Slain by a wight

Illustrated notes

Levels and vault maps discovered:
D:1:      grunt_arrival_crossed_arrows, layout_basic
D:2:      layout_basic
D:3:      layout_loops_ring, nemelex_xobeh_ov_fountains_minmay,
          shapermc_ecumenical_altar_ellora, item_on_display_a, uniq_sigmund,
          uniq_crazy_yiuf_cottage, uniq_grinder, uniq_jessica
D:4:      layout_loops_corners, serial_shops, nicolae_shop_stone,
          chequers_garden
D:5:      cheibrodos_thug_alley, layout_basic, serial_shops, shop
D:6:      layout_cave_pods
D:7:      layout_basic, kennysheep_slug_shrine, minmay_temple_entry_statues,
          kennysheep_generic_room_10

Skill      XL: |  1  2  3  4  5  6  7  8 |
---------------+-------------------------+-----
Stealth        | 2 3 4 |  4.1
Dodging        | 2 3 4 |  4.0
Ice Magic      | 4 5 6 7 |  7.3
Fighting       | 1 2 3 4 |  4.8
Spellcasting   | 2 3 |  3.0
Staves         | 1 3 |  3.8
Conjurations   | 3 |  3.3

Action                   |  1- 3 |  4- 6 |  7- 9 || total
-------------------------+-------+-------+-------++-------
Melee: Dagger            |     3 |       |       ||     3
       Unarmed           |     1 |       |       ||     1
       Mace              |    19 |    24 |       ||    43
       Quarterstaff      |       |     9 |   128 ||   137
Throw: Dart              |       |       |     4 ||     4
 Cast: Freeze            |    59 |    41 |    60 ||   160
       Frozen Ramparts   |       |     5 |    18 ||    23
       Ozocubu's Armour  |       |     6 |    15 ||    21
  Use: Scroll            |     3 |     1 |     5 ||     9
       Potion            |       |     2 |     2 ||     4
 Stab: Sleeping          |     1 |       |     6 ||     7
       Confused          |       |       |     2 ||     2
       Distracted        |       |       |     1 ||     1
       Petrified         |       |       |     1 ||     1
Armor: Robe              |    15 |    13 |    57 ||    85
Dodge: Dodged            |    49 |    34 |   146 ||   229
